TOP OF THE 1ST |
Maine Sea Dogs batting - Pitching for Amarillo Warheads : RHP Randy Crane
|
Pitching: RHP Randy Crane
|
|
Batting: RHB Wen Pai
|
0-0: Swinging Strike 0-1: SINGLE (Groundball, 56S, EV 65.0 MPH) (infield hit)
|
Batting: RHB Kelvin van Enk
|
0-0: Ball 1-0: Ball 2-0: Called Strike 2-1: Ball 3-1: Foul Ball, location: 2F 3-2: Ground out 6-3 (Groundball, 6MD, EV 82.5 MPH) Wen Pai to second
|
Batting: SHB Dwayne Foll
|
0-0: Called Strike 0-1: Swinging Strike 0-2: Ball 1-2: Foul Ball, location: 2F 1-2: Strikes out swinging
|
Batting: LHB John Weber
|
0-0: Ball 1-0: Ground out 4-3 (Groundball, 34D, EV 92.5 MPH)
|
Top of the 1st over - 0 runs, 1 hit, 0 errors, 1 left on base; Maine 0 - Amarillo 0 |
BOTTOM OF THE 1ST |
Amarillo Warheads batting - Pitching for Maine Sea Dogs : RHP Elvin Olson
|
Pitching: RHP Elvin Olson
|
|
Batting: RHB Ricardo Biltró
|
0-0: Called Strike 0-1: Ball 1-1: Swinging Strike 1-2: Ball 2-2: Fly out, F8 (Flyball, 8RS, EV 83.1 MPH)
|
Batting: RHB Pedro González
|
0-0: Called Strike 0-1: Foul Ball, location: 2F 0-2: Ball 1-2: Foul Ball, location: 2F 1-2: Ball 2-2: Ground out U3 (Groundball, 3, EV 82.5 MPH)
|
Batting: LHB Bill Webb
|
0-0: Fly out, F6 (Popup, 6D, EV 66.9 MPH)
|
Bottom of the 1st over - 0 runs, 0 hits, 0 errors, 0 left on base; Maine 0 - Amarillo 0 |
TOP OF THE 2ND |
Maine Sea Dogs batting - Pitching for Amarillo Warheads : RHP Randy Crane
|
Batting: RHB Juan Guzmán
|
0-0: Ball 1-0: Ball 2-0: Ball 3-0: Called Strike 3-1: Fly out, F4 (Popup, 4S, EV 70.6 MPH)
|
Batting: RHB Ken Houston
|
0-0: Swinging Strike 0-1: Ball 1-1: Fly out, F4 (Popup, 13, EV 85.0 MPH)
|
Batting: RHB Juan Santos
|
0-0: Ball 1-0: Swinging Strike 1-1: Foul Ball, location: 2F 1-2: Strikes out swinging
|
Top of the 2nd over - 0 runs, 0 hits, 0 errors, 0 left on base; Maine 0 - Amarillo 0 |
BOTTOM OF THE 2ND |
Amarillo Warheads batting - Pitching for Maine Sea Dogs : RHP Elvin Olson
|
Batting: LHB Robert Williams
|
0-0: Ball 1-0: Ball 2-0: Called Strike 2-1: Foul Ball, location: 2F 2-2: Ball 3-2: Base on Balls
|
Batting: RHB Louis Bletsoe
|
0-0: Ball 1-0: Swinging Strike 1-1: Fielders Choice at 2nd, 1-4 (Groundball, P, EV 70.0 MPH)
|
Batting: RHB Jay Fuller
|
0-0: Called Strike 0-1: Ball 1-1: Swinging Strike 1-2: Strikes out swinging
|
Batting: LHB Bob Alba
|
0-0: Ball 1-0: Ball 2-0: Foul Ball, location: 2F 2-1: Ball 3-1: Base on Balls Louis Bletsoe to second
|
Batting: RHB John Irwin
|
0-0: Foul Ball, location: 2F 0-1: Called Strike 0-2: Ball 1-2: Ball 2-2: Foul Ball, location: 2F 2-2: SINGLE (Groundball, 56, EV 98.1 MPH) Louis Bletsoe to third Bob Alba to second Runner from 3rd tries for Home, SAFE, throw by LF to home
|
Batting: RHB Rich Catron
|
0-0: Called Strike 0-1: Ball 1-1: Ball 2-1: SINGLE (Line Drive, 4D, EV 100.0 MPH) Bob Alba to third John Irwin to second Runner from 3rd tries for Home, throw by RF and OUT! 9-2
|
Bottom of the 2nd over - 1 run, 2 hits, 0 errors, 2 left on base; Maine 0 - Amarillo 1 |
TOP OF THE 3RD |
Maine Sea Dogs batting - Pitching for Amarillo Warheads : RHP Randy Crane
|
Batting: RHB Chase Jennings
|
0-0: Swinging Strike 0-1: Ball 1-1: Ball 2-1: SINGLE (Groundball, 6MD, EV 108.1 MPH)
|
Batting: RHB Rafael Islava
|
0-0: Ball 1-0: Swinging Strike 1-1: Ball 2-1: Ball 3-1: Swinging Strike 3-2: Fly out, F6 (Popup, 6, EV 76.9 MPH)
|
Batting: RHB Wen Pai
|
0-0: Foul Ball, location: 2F 0-1: Ball 1-1: Ball 2-1: Foul Ball, location: 2F 2-2: Fielders Choice at 2nd, 5-4 (Groundball, 56, EV 106.9 MPH)
|
Batting: RHB Kelvin van Enk
|
0-0: Ball 1-0: Ball 2-0: Called Strike 2-1: Ball 3-1: Base on Balls Wen Pai to second
|
Batting: SHB Dwayne Foll
|
0-0: Ball 1-0: Foul Ball, location: 2F 1-1: SINGLE (Flyball, 5D, EV 86.9 MPH) Wen Pai to third Kelvin van Enk to second Runner from 3rd tries for Home, SAFE, throw by LF to home
|
Batting: LHB John Weber
|
0-0: Fly out, F8 (Flyball, 8LM, EV 82.5 MPH)
|
Top of the 3rd over - 1 run, 2 hits, 0 errors, 2 left on base; Maine 1 - Amarillo 1 |
BOTTOM OF THE 3RD |
Amarillo Warheads batting - Pitching for Maine Sea Dogs : RHP Elvin Olson
|
Batting: RHB Ricardo Biltró
|
0-0: Called Strike 0-1: Swinging Strike 0-2: Ball 1-2: Ball 2-2: Foul Ball, location: 2F 2-2: Ground out 5-3 (Groundball, 56, EV 87.5 MPH)
|
Batting: RHB Pedro González
|
0-0: Ball 1-0: Ball 2-0: Ground out 5-3 (Groundball, 56S, EV 81.9 MPH)
|
Batting: LHB Bill Webb
|
0-0: Ball 1-0: Swinging Strike 1-1: Ball 2-1: Called Strike 2-2: Strikes out swinging
|
Bottom of the 3rd over - 0 runs, 0 hits, 0 errors, 0 left on base; Maine 1 - Amarillo 1 |
TOP OF THE 4TH |
Maine Sea Dogs batting - Pitching for Amarillo Warheads : RHP Randy Crane
|
Batting: RHB Juan Guzmán
|
0-0: Called Strike 0-1: Ball 1-1: Ball 2-1: DOUBLE (Line Drive, 78D, EV 103.8 MPH)
|
Batting: RHB Ken Houston
|
0-0: Ball 1-0: Ball 2-0: Foul Ball, location: 2F 2-1: DOUBLE (Line Drive, 89D, EV 110.6 MPH) Juan Guzmán scores
|
Batting: RHB Juan Santos
|
0-0: Ball 1-0: Foul Ball, location: 2F 1-1: Called Strike 1-2: Ground out 4-3 (Groundball, 34, EV 88.1 MPH) Ken Houston to third
|
Batting: RHB Chase Jennings
|
0-0: Ball 1-0: Foul Ball, location: 2F 1-1: Foul Ball, location: 2F 1-2: Ball 2-2: Strikes out swinging
|
Batting: RHB Rafael Islava
|
0-0: Ball 1-0: Foul Ball, location: 2F 1-1: Ground out 6-3 (Groundball, 6, EV 90.6 MPH)
|
Top of the 4th over - 1 run, 2 hits, 0 errors, 1 left on base; Maine 2 - Amarillo 1 |
BOTTOM OF THE 4TH |
Amarillo Warheads batting - Pitching for Maine Sea Dogs : RHP Elvin Olson
|
Batting: LHB Robert Williams
|
0-0: Called Strike 0-1: Swinging Strike 0-2: Strikes out swinging
|
Batting: RHB Louis Bletsoe
|
0-0: Ball 1-0: Called Strike 1-1: Ball 2-1: Ball 3-1: Fly out, F9 (Flyball, 89S, EV 80.0 MPH)
|
Batting: RHB Jay Fuller
|
0-0: Ball 1-0: Ground out 3-1 (Groundball, 34S, EV 88.8 MPH)
|
Bottom of the 4th over - 0 runs, 0 hits, 0 errors, 0 left on base; Maine 2 - Amarillo 1 |
TOP OF THE 5TH |
Maine Sea Dogs batting - Pitching for Amarillo Warheads : RHP Randy Crane
|
Batting: RHB Wen Pai
|
0-0: Ground out 5-3 (Groundball, 5S, EV 80.6 MPH)
|
Batting: RHB Kelvin van Enk
|
0-0: Called Strike 0-1: Ball 1-1: Ball 2-1: Foul Ball, location: 2F 2-2: Foul Ball, location: 2F 2-2: Ball 3-2: Fly out, F8 (Flyball, 8RD, EV 98.1 MPH)
|
Batting: SHB Dwayne Foll
|
0-0: Ball 1-0: Foul Ball, location: 2F 1-1: Foul Ball, location: 2F 1-2: SINGLE (Line Drive, 89M, EV 110.0 MPH)
|
Batting: LHB John Weber
|
0-0: Ball Dwayne Foll steals 2nd base 1-0: Ball 2-0: Ball 3-0: Called Strike 3-1: Called Strike 3-2: Foul Ball, location: 2F 3-2: Base on Balls
|
Pitching: RHP Michihiro Watanabe
|
|
Batting: RHB Juan Guzmán
|
0-0: Called Strike 0-1: Ball 1-1: Called Strike 1-2: Ground out 4-3 (Groundball, 4, EV 104.4 MPH)
|
Top of the 5th over - 0 runs, 1 hit, 0 errors, 2 left on base; Maine 2 - Amarillo 1 |
BOTTOM OF THE 5TH |
Amarillo Warheads batting - Pitching for Maine Sea Dogs : RHP Elvin Olson
|
Batting: LHB Bob Alba
|
0-0: Foul Ball, location: 2F 0-1: Ball 1-1: Swinging Strike 1-2: Strikes out swinging, 2-3 out at first.
|
Batting: RHB John Irwin
|
0-0: Called Strike 0-1: Ball 1-1: Fly out, F8 (Line Drive, 8LD, EV 93.1 MPH)
|
Batting: RHB Rich Catron
|
0-0: Called Strike 0-1: Ball 1-1: Foul Ball, location: 2F 1-2: Ground out 6-3 (Groundball, 6, EV 101.2 MPH)
|
Bottom of the 5th over - 0 runs, 0 hits, 0 errors, 0 left on base; Maine 2 - Amarillo 1 |
TOP OF THE 6TH |
Maine Sea Dogs batting - Pitching for Amarillo Warheads : RHP Michihiro Watanabe
|
Batting: RHB Ken Houston
|
0-0: Called Strike 0-1: Swinging Strike 0-2: Strikes out swinging
|
Batting: RHB Juan Santos
|
0-0: Foul Ball, location: 2F 0-1: Ball 1-1: Swinging Strike 1-2: Ball 2-2: Foul Ball, location: 2F 2-2: Ground out U3 (Groundball, 34, EV 87.5 MPH)
|
Batting: RHB Chase Jennings
|
0-0: Ground out 4-3 (Groundball, 4, EV 80.6 MPH)
|
Top of the 6th over - 0 runs, 0 hits, 0 errors, 0 left on base; Maine 2 - Amarillo 1 |
BOTTOM OF THE 6TH |
Amarillo Warheads batting - Pitching for Maine Sea Dogs : RHP Elvin Olson
|
Batting: RHB Ricardo Biltró
|
0-0: Called Strike 0-1: Ground out 4-3 (Groundball, 34D, EV 86.9 MPH)
|
Batting: RHB Pedro González
|
0-0: Ground out 1-3 (Groundball, 15S, EV 62.5 MPH)
|
Batting: LHB Bill Webb
|
0-0: Called Strike 0-1: Ground out U3 (Groundball, 3, EV 104.4 MPH)
|
Bottom of the 6th over - 0 runs, 0 hits, 0 errors, 0 left on base; Maine 2 - Amarillo 1 |
TOP OF THE 7TH |
Maine Sea Dogs batting - Pitching for Amarillo Warheads : RHP Michihiro Watanabe
|
Batting: RHB Rafael Islava
|
0-0: Ball 1-0: DOUBLE (Line Drive, 5D, EV 98.1 MPH)
|
Batting: RHB Wen Pai
|
0-0: Ball 1-0: Bunted foul 1-1: Ball 2-1: Bunted foul 2-2: Ball 3-2: Ground out 6-3 (Groundball, 6, EV 86.2 MPH)
|
Batting: RHB Kelvin van Enk
|
0-0: Ball 1-0: Swinging Strike 1-1: Ball 2-1: Foul Ball, location: 2F 2-2: Foul Ball, location: 2F 2-2: Strikes out swinging
|
Batting: SHB Dwayne Foll
|
0-0: Ball 1-0: Ground out 6-3 (Groundball, 6, EV 109.4 MPH)
|
Top of the 7th over - 0 runs, 1 hit, 0 errors, 1 left on base; Maine 2 - Amarillo 1 |
BOTTOM OF THE 7TH |
Amarillo Warheads batting - Pitching for Maine Sea Dogs : RHP Elvin Olson
|
Batting: LHB Robert Williams
|
0-0: SOLO HOME RUN (Flyball, 89XD, EV 97.5 MPH), Distance : 388 ft
|
Batting: RHB Louis Bletsoe
|
0-0: Called Strike 0-1: Ball 1-1: Foul Ball, location: 2F 1-2: SINGLE (Groundball, 4M, EV 95.6 MPH)
|
Batting: RHB Jay Fuller
|
0-0: Ball 1-0: Foul Ball, location: 2F 1-1: Grounds into double play, 5-4-3 (Groundball, 56, EV 85.0 MPH)
|
Batting: LHB Bob Alba
|
0-0: Called Strike 0-1: Ball 1-1: Fly out, F7 (Flyball, 78D, EV 105.6 MPH)
|
Bottom of the 7th over - 1 run, 2 hits, 0 errors, 0 left on base; Maine 2 - Amarillo 2 |
TOP OF THE 8TH |
Maine Sea Dogs batting - Pitching for Amarillo Warheads : RHP Michihiro Watanabe
|
Batting: LHB John Weber
|
0-0: Called Strike 0-1: Ball 1-1: SINGLE (Groundball, 25, EV 71.2 MPH) (infield hit)
|
Batting: RHB Juan Guzmán
|
0-0: Ball 1-0: Fly out, F8 (Line Drive, 8RM, EV 108.8 MPH)
|
Batting: RHB Ken Houston
|
0-0: Ball 1-0: Ball 2-0: Called Strike 2-1: Ball 3-1: Foul Ball, location: 2F 3-2: SINGLE (Groundball, 6MD, EV 97.5 MPH) John Weber to second
|
Pinch Hitting: RHB Felipe Torres
|
0-0: Ball 1-0: Foul Ball, location: 2F 1-1: Swinging Strike 1-2: Ball 2-2: Strikes out looking
|
Batting: RHB Chase Jennings
|
0-0: Ball 1-0: Ball 2-0: Ball 3-0: Base on Balls John Weber to third Ken Houston to second
|
Batting: RHB Rafael Islava
|
0-0: Ball 1-0: Ball 2-0: Ball 3-0: Fly out, F8 (Line Drive, 8LD, EV 95.6 MPH)
|
Top of the 8th over - 0 runs, 2 hits, 0 errors, 3 left on base; Maine 2 - Amarillo 2 |
BOTTOM OF THE 8TH |
Amarillo Warheads batting - Pitching for Maine Sea Dogs : RHP Elvin Olson
|
Now in CF: Felipe Torres
|
|
Batting: LHB John King
|
0-0: Fly out, F7 (Flyball, 7LS, EV 83.1 MPH)
|
Batting: RHB Rich Catron
|
0-0: Ball 1-0: Called Strike 1-1: Swinging Strike 1-2: Foul Ball, location: 2F 1-2: Foul Ball, location: 2F 1-2: Foul Ball, location: 2F 1-2: Strikes out swinging
|
Batting: RHB Ricardo Biltró
|
0-0: Foul Ball, location: 2F 0-1: Ball 1-1: Foul Ball, location: 2F 1-2: Fly out, F8 (Flyball, 8RS, EV 90.0 MPH)
|
Bottom of the 8th over - 0 runs, 0 hits, 0 errors, 0 left on base; Maine 2 - Amarillo 2 |
TOP OF THE 9TH |
Maine Sea Dogs batting - Pitching for Amarillo Warheads : RHP Michihiro Watanabe
|
Pitching: RHP Marc Potts
|
|
Pinch Hitting: LHB Andrew Stockton
|
0-0: Called Strike 0-1: Foul Ball, location: 2F 0-2: Ball 1-2: Strikes out swinging
|
Batting: RHB Kelvin van Enk
|
0-0: Ball 1-0: Ball 2-0: Called Strike 2-1: Foul Ball, location: 2F 2-2: Foul Ball, location: 2F 2-2: Ground out 5-3 (Groundball, 56S, EV 82.5 MPH)
|
Batting: SHB Dwayne Foll
|
0-0: Ball 1-0: Ball 2-0: Called Strike 2-1: Swinging Strike 2-2: Strikes out swinging
|
Top of the 9th over - 0 runs, 0 hits, 0 errors, 0 left on base; Maine 2 - Amarillo 2 |
BOTTOM OF THE 9TH |
Amarillo Warheads batting - Pitching for Maine Sea Dogs : RHP Elvin Olson
|
Pitching: RHP Frank Locke
|
|
Now at 2B: Juan Guzmán
|
|
Now at SS: Jesús Martínez
|
|
Batting: RHB Pedro González
|
0-0: Ball 1-0: Ball 2-0: Ball 3-0: Called Strike 3-1: Ground out 6-3 (Groundball, 6, EV 103.1 MPH)
|
Batting: LHB Bill Webb
|
0-0: Ball 1-0: Ball 2-0: Called Strike 2-1: Ball 3-1: Foul Ball, location: 2F 3-2: Foul Ball, location: 2F 3-2: Foul Ball, location: 2F 3-2: Ground out 4-3 (Groundball, 4, EV 81.9 MPH)
|
Batting: LHB Robert Williams
|
0-0: Called Strike 0-1: Ball 1-1: Foul Ball, location: 2F 1-2: Foul Ball, location: 2F 1-2: Ball 2-2: Ball 3-2: Base on Balls
|
Batting: RHB Louis Bletsoe
|
0-0: Ground out 4-3 (Groundball, 4, EV 106.2 MPH)
|
Bottom of the 9th over - 0 runs, 0 hits, 0 errors, 1 left on base; Maine 2 - Amarillo 2 |
TOP OF THE 10TH |
Maine Sea Dogs batting - Pitching for Amarillo Warheads : RHP Marc Potts
|
Batting: LHB John Weber
|
0-0: Ball 1-0: Foul Ball, location: 2F 1-1: Ball 2-1: Swinging Strike 2-2: Ball 3-2: Base on Balls
|
Batting: RHB Juan Guzmán
|
0-0: Called Strike 0-1: Ball 1-1: Called Strike 1-2: Foul Ball, location: 2F 1-2: Fielders Choice at 2nd, 5-4 (Groundball, 56, EV 83.8 MPH)
|
Batting: RHB Ken Houston
|
0-0: Fly out, F8 (Flyball, 78M, EV 86.2 MPH)
|
Batting: RHB Felipe Torres
|
0-0: Ball Wild Pitch! Juan Guzmán to second 1-0: Intentional Walk
|
Batting: RHB Chase Jennings
|
0-0: Ball 1-0: Called Strike 1-1: Foul Ball, location: 2F 1-2: Ball 2-2: Ball 3-2: Foul Ball, location: 2F 3-2: Base on Balls Juan Guzmán to third Felipe Torres to second
|
Batting: RHB Rafael Islava
|
0-0: Called Strike 0-1: SINGLE (Line Drive, 8LS, EV 110.0 MPH) Juan Guzmán scores Felipe Torres to third Chase Jennings to second Runner from 3rd tries for Home, SAFE, throw by CF to home
|
Batting: RHB Jesús Martínez
|
0-0: Fielders Choice at 2nd, 6-4 (Groundball, 6, EV 88.1 MPH)
|
Top of the 10th over - 2 runs, 1 hit, 0 errors, 2 left on base; Maine 4 - Amarillo 2 |
BOTTOM OF THE 10TH |
Amarillo Warheads batting - Pitching for Maine Sea Dogs : RHP Frank Locke
|
Now at 1B: Felipe Torres
|
|
Now in CF: August Skenandore
|
|
Batting: RHB Jay Fuller
|
0-0: Foul Ball, location: 2F 0-1: Ground out 6-3 (Groundball, 6, EV 81.2 MPH)
|
Batting: LHB Bob Alba
|
0-0: Ball 1-0: Ball 2-0: Foul Ball, location: 2F 2-1: Fly out, F5 (Popup, 5F, EV 74.4 MPH)
|
Batting: LHB John King
|
0-0: Ball 1-0: Ball 2-0: Foul Ball, location: 2F 2-1: Called Strike 2-2: Foul Ball, location: 2F 2-2: SINGLE (Groundball, 6, EV 98.8 MPH)
|
Batting: RHB Rich Catron
|
0-0: Ball 1-0: Fly out, F9 (Flyball, 9LS, EV 89.4 MPH)
|
Bottom of the 10th over - 0 runs, 1 hit, 0 errors, 1 left on base; Maine 4 - Amarillo 2 |
|